Map: Ephemeron LE

Players

souL

  • Race: Terran Terran
  • Spawn Location: 11:00

Gerald - Winner!

  • Race: Protoss Protoss
  • Spawn Location: 5:00

Event: IEM Katowice 2020

VOD

Have the link to the VOD?

Description

Time

  • Played on: Feb. 24, 2020, 6:45 a.m.
  • Length: 26:19

All games in this series

Show
View Real Time Build Order
Export as new Build Order

souL Terran 

Build Orders: Reaper Expand 

Get SALT Encoding   

  12  0:00  SCV  
  13  0:12  SCV  
  14  0:17  Supply Depot  
  14  0:25  SCV  
  15  0:38  SCV  
  15  0:39  Barracks  
  16  0:44  Refinery  
  16  0:50  SCV  
  17  1:03  SCV  
  18  1:15  SCV  
  19  1:27  Orbital Command  
  19  1:28  Reaper  
  20  1:44  Command Center  
  20  1:52  Bunker  
  21  1:54  SCV  
  21  2:02  Barracks Reactor  
  21  2:05  Supply Depot  
  21  2:07  SCV  
  22  2:16  Bunker  
  22  2:19  SCV  
  23  2:29  Factory  
  23  2:34  SCV  
  24  2:39  Marine x2  
  24  2:41  Refinery  
  26  2:46  SCV  
  27  2:57  Marine x2  
  30  2:58  SCV  
  30  3:11  SCV  
  31  3:15  Starport  
  31  3:17  Marine  
  31  3:24  Marine  
  31  3:25  Widow Mine  
  34  3:29  SCV  
  34  3:32  Orbital Command  
  35  3:35  Marine  
  35  3:41  SCV  
  37  3:46  Marine  
  37  3:49  Widow Mine  
  37  3:53  SCV  
  42  3:58  Supply Depot  
  42  4:01  SCV  
  43  4:05  SCV  
  43  4:06  Marine  
  44  4:16  SCV, Factory Tech Lab  
  45  4:17  Viking, SCV  
  45  4:20  Supply Depot, Marine  
  45  4:21  Supply Depot  
  47  4:28  SCV  
  47  4:29  SCV  
  49  4:34  Cyclone  
  52  4:40  SCV  
  52  4:41  SCV  
  52  4:43  Marine x2  
  55  4:46  Barracks  
  55  4:49  Medivac  
  55  4:52  SCV  
  58  4:54  Supply Depot  
  58  4:56  SCV  
  59  5:03  Marine  
  59  5:04  SCV  
  59  5:06  Siege Tank  
  63  5:11  SCV  
  61  5:16  SCV  
  61  5:17  Marine  
  63  5:21  Marine  
  63  5:23  SCV  
  65  5:29  SCV, Command Center  
  65  5:34  Marine  
  65  5:35  SCV  
  68  5:38  Barracks  
  68  5:39  Supply Depot  
  68  5:41  SCV, Barracks Tech Lab  
  69  5:44  Siege Tank  
  69  5:47  SCV  
  73  5:53  SCV  
  74  5:57  Engineering Bay  
  74  5:59  SCV, Engineering Bay  
  74  6:00  Refinery  
  74  6:02  Refinery  
  72  6:05  SCV  
  69  6:11  SCV, Marine  
  69  6:12  Marine  
  69  6:14  Marine  
  69  6:17  SCV  
  73  6:22  Siege Tank  
  73  6:23  SCV  
  73  6:27  Barracks Tech Lab  
  73  6:29  SCV  
  73  6:31  Stimpack  
  75  6:35  SCV  
  75  6:39  Terran Infantry Weapons Level 1, Terran Infantry Armor Level 1  
  76  6:44  Orbital Command  
  76  6:45  Starport Reactor  
  70  6:48  Marauder  
  70  6:49  Marine  
  70  6:50  Marauder, Marine  
  73  7:02  SCV x2, Barracks  
  73  7:03  Barracks  
  75  7:10  Marauder  
  75  7:11  Supply Depot  
  75  7:12  Supply Depot  
  75  7:14  SCV  
  78  7:17  Marine  
  78  7:22  Marine  
  79  7:23  SCV  
  79  7:27  Barracks Tech Lab  
  79  7:29  SCV  
  76  7:31  Marauder  
  76  7:34  Marine  
  76  7:35  SCV  
  80  7:39  Medivac x2, Marine  
  80  7:43  Supply Depot  
  80  7:44  Factory Reactor  
  85  7:46  SCV  
  85  7:47  Combat Shield  
  85  7:50  Marauder  
  88  7:52  Marine  
  88  7:53  Barracks Reactor, Marauder  
  88  7:54  SCV  
  88  7:56  Marine  
  88  7:57  Marine  
  88  7:58  SCV  
  95  7:59  Orbital Command  
  95  8:01  Supply Depot  
  95  8:10  Marine  
  95  8:11  Concussive Shells, Marauder  
  98  8:13  SCV x2  
  98  8:14  Marauder x2  
  98  8:15  Marine  
  98  8:19  Armory  
  86  8:28  Marine  
  86  8:29  Marine x2  
  86  8:32  Marauder  
  86  8:33  Marine  
  92  8:35  Medivac, Marauder  
  92  8:36  Medivac  
  95  8:42  Marauder  
  95  8:46  Marine x2  
  95  8:47  Marine  
  100  8:51  Marine  
  100  8:53  Orbital Command, Marine  
  99  8:57  Marauder  
  99  9:04  SCV x2, Marine x2  
  99  9:05  Medivac  
  99  9:06  Medivac, Marine  
  109  9:10  Terran Infantry Weapons Level 2  
  109  9:15  Marauder, Missile Turret  
  108  9:20  Marauder  
  108  9:23  Marauder  
  112  9:29  Marine  
  111  9:33  Marine  
  111  9:34  Marine  
  111  9:35  Marine  
  111  9:36  Marauder  
  116  9:40  Widow Mine x2  
  116  9:41  Marauder  
  116  9:44  Marauder, Starport  
  124  9:47  Marine  
  124  9:50  Marine  
  126  9:55  Marine  
  126  9:57  Marine  
  126  9:58  Marauder  
  124  10:00  Medivac  
  124  10:03  Marauder  
  124  10:05  Marauder, Marine  
  125  10:08  Marine  
  125  10:09  Medivac, Bunker  
  125  10:10  Bunker  
  125  10:13  Marine  
  128  10:19  Marauder  
  128  10:21  Marine  
  130  10:23  Marine  
  132  10:32  Bunker, Marauder  
  132  10:33  Bunker  
  132  10:34  Marine  
  132  10:36  Medivac  
  132  10:37  Marauder  
  132  10:39  Viking  
  132  10:41  Missile Turret  
  133  10:44  Marine x2  
  133  10:46  Marauder, Marine  
  128  10:52  Marine  
  128  10:54  Marauder  
  125  10:58  Marauder  
  125  11:01  Widow Mine x2  
  125  11:02  Marine x2  
  125  11:03  Viking  
  133  11:06  Viking  
  133  11:10  Bunker, Missile Turret  
  133  11:11  Supply Depot  
  133  11:12  Supply Depot  
  133  11:13  Marine  
  133  11:28  Refinery x2  
  133  11:33  Viking, SCV x3, Marauder x3, Marine x2  
  144  11:43  Marine  
  144  11:46  SCV  
  146  11:49  Fusion Core  
  146  11:50  SCV  
  147  11:54  Marauder  
  147  11:58  Supply Depot  
  147  11:59  Supply Depot  
  149  12:05  Factory Reactor  
  149  12:12  Ghost Academy  
  149  12:13  Marauder x2  
  149  12:20  Marauder  
  147  12:43  Ghost x3  
  141  12:44  Advanced Ballistics, Command Center  
  141  12:45  Liberator  
  141  12:50  Liberator  
  147  12:58  Supply Depot  
  147  13:03  Liberator  
  147  13:04  Marine  
  147  13:05  Command Center  
  150  13:12  Ghost x2, Marine  
  153  13:13  Marauder  
  151  13:22  Liberator  
  152  13:27  Marine  
  152  13:29  Liberator  
  152  13:33  Liberator  
  161  13:34  Marauder  
  161  13:40  SCV  
  162  13:41  Marauder  
  162  13:46  Medivac  
  162  13:47  SCV x2  
  166  13:52  SCV  
  166  13:53  Terran Infantry Armor Level 2  
  167  13:59  SCV x2  
  169  14:04  SCV  
  169  14:05  Marine  
  169  14:06  Marauder  
  172  14:16  Medivac  
  174  14:22  Medivac  
  173  14:26  Missile Turret  
  172  14:31  Marauder  
  172  14:33  Ghost  
  172  14:34  Ghost  
  176  14:50  SCV x3  
  182  14:55  Medivac  
  184  15:02  SCV x2  
  184  15:03  SCV  
  184  15:05  Missile Turret  
  187  15:07  Enhanced Shockwaves  
  187  15:08  Sensor Tower  
  187  15:11  Marine x4  
  187  15:12  Marauder  
  186  15:14  SCV  
  186  15:15  SCV  
  186  15:17  Planetary Fortress  
  186  15:18  SCV  
  186  15:19  Sensor Tower  
  186  15:27  SCV x2  
  188  15:34  SCV  
  188  15:39  SCV x2  
  185  15:46  SCV  
  185  15:49  Liberator x3  
  182  15:56  Refinery, Marauder  
  188  15:57  Refinery  
  188  16:09  Supply Depot x2  
  188  16:13  Sensor Tower  
  188  16:30  SCV x2, Marine x4  
  188  16:31  Marauder, Marine x2  
  198  16:42  Command Center  
  198  16:46  Liberator  
  200  16:48  Marine x2  
  200  16:51  Liberator  
  200  16:56  Terran Infantry Weapons Level 3, Terran Infantry Armor Level 3  
  200  17:08  Marine  
  194  17:09  Marauder  
  194  17:11  SCV x3  
  199  17:16  Marauder, Marine  
  199  17:19  Barracks  
  164  17:51  Marine  
  141  17:52  Marine  
  141  17:55  Liberator  
  141  17:58  Liberator  
  149  18:02  Marauder, Marine  
  149  18:04  Marine  
  149  18:05  Marauder  
  147  18:10  Marine  
  147  18:11  Marauder  
  126  18:13  Marine  
  95  18:23  Medivac  
  95  18:26  Planetary Fortress  
  82  18:36  Ghost x2  
  82  18:40  SCV x3  
  80  18:47  Medivac  
  82  18:50  Medivac  
  82  18:52  SCV x2  
  86  18:56  Ghost  
  88  19:03  Medivac  
  88  19:08  Ghost  
  88  19:12  Marine x4  
  88  19:13  Marauder  
  90  19:25  Marine  
  90  19:30  Marine x4  
  82  19:34  Marauder  
  82  19:38  Marine  
  85  19:43  Marine  
  86  19:48  Marine  
  86  19:49  Marine  
  88  19:55  Marauder  
  88  19:56  Marauder  
  92  20:05  Marine x2  
  92  20:06  Marauder  
  89  20:14  Marine x2  
  81  20:17  Marauder  
  84  20:22  Marauder  
  84  20:26  Marine  
  86  20:32  Marine  
  69  20:35  Marauder  
  67  20:42  Marine  
  67  20:43  Marauder  
  67  20:47  Marine  
  23  22:03  Marine  
  24  22:10  Marine  
  23  22:17  Marine  
  21  22:25  Marine  
  21  22:26  Marine  
  10  22:46  Medivac  
  10  22:50  Medivac  
  12  22:54  Marine  
  13  23:01  Marine  
  14  23:10  Marine  
  15  23:17  Orbital Command  
  15  23:19  Marine  
  16  23:26  Marine  
  17  23:29  Marine  
  18  23:39  Marine  
  19  23:42  Marine  
  5  24:54  Medivac  
  2  25:07  Marine  
  2  25:09  Marine  
  2  25:12  Marine  
  5  25:25  Marine  
Show
View Real Time Build Order
Export as new Build Order

Gerald Protoss - Winner!

Build Orders: 1 Gate Expand, Oracle Opening 

Get SALT Encoding   

  12  0:01  Probe  
  13  0:13  Probe  
  14  0:18  Pylon  
  14  0:26  Probe (Chrono Boost)  
  15  0:38  Probe (Chrono Boost)  
  15  0:40  Gateway  
  16  0:43  Probe (Chrono Boost)  
  16  0:46  Assimilator  
  17  0:53  Probe  
  18  1:05  Probe  
  19  1:17  Probe  
  20  1:28  Cybernetics Core  
  20  1:34  Nexus  
  20  1:35  Probe  
  21  1:42  Pylon  
  21  1:47  Probe  
  21  1:51  Assimilator  
  22  1:59  Probe  
  23  2:03  Adept (Chrono Boost)  
  25  2:10  Warp Gate  
  25  2:11  Probe  
  26  2:23  Probe  
  26  2:25  Adept (Chrono Boost)  
  29  2:35  Probe  
  29  2:36  Pylon  
  30  2:39  Stargate  
  30  2:48  Probe  
  30  2:49  Stalker (Chrono Boost)  
  33  2:57  Probe  
  34  3:04  Probe  
  34  3:10  Probe  
  35  3:13  Shield Battery  
  35  3:16  Probe  
  36  3:22  Probe  
  37  3:28  Probe  
  37  3:30  Oracle (Chrono Boost)  
  41  3:34  Probe  
  41  3:40  Twilight Council  
  42  3:43  Probe  
  42  3:47  Probe  
  44  3:53  Gateway  
  44  3:55  Probe  
  44  4:00  Gateway  
  44  4:01  Probe  
  46  4:08  Probe  
  47  4:11  Blink (Chrono Boost)  
  47  4:12  Pylon  
  47  4:14  Probe  
  48  4:20  Probe  
  48  4:22  Assimilator  
  48  4:24  Assimilator  
  49  4:26  Probe  
  50  4:32  Probe  
  50  4:34  Stalker  
  50  4:38  Probe  
  54  4:50  Pylon  
  54  4:52  Pylon  
  54  4:53  Stalker  
  54  4:58  Probe  
  57  5:00  Stalker x2  
  57  5:05  Robotics Facility  
  61  5:08  Forge  
  57  5:19  Probe  
  58  5:21  Stalker  
  58  5:23  Stalker x2  
  58  5:28  Probe  
  65  5:30  Protoss Ground Weapons Level 1  
  65  5:34  Nexus  
  65  5:37  Pylon  
  65  5:38  Probe  
  66  5:52  Observer  
  66  5:54  Robotics Bay  
  66  5:55  Stalker x2  
  71  6:03  Probe  
  72  6:10  Probe  
  62  6:25  Stalker  
  62  6:26  Stalker x2  
  65  6:33  Probe  
  65  6:46  Probe (Chrono Boost)  
  67  6:47  Disruptor (Chrono Boost)  
  67  6:49  Probe x2 (Chrono Boost)  
  67  6:51  Charge  
  71  6:58  Probe (Chrono Boost)  
  71  7:00  Probe (Chrono Boost)  
  71  7:01  Probe (Chrono Boost)  
  74  7:03  Probe (Chrono Boost)  
  74  7:07  Probe  
  76  7:10  Probe  
  75  7:29  Probe, Zealot x2  
  80  7:30  Zealot  
  80  7:32  Disruptor  
  80  7:33  Gateway  
  80  7:37  Probe x2, Gateway  
  85  7:39  Gateway  
  85  7:41  Pylon, Gateway  
  87  7:45  Protoss Ground Armor Level 1 (Chrono Boost)  
  87  7:48  Probe (Chrono Boost)  
  88  7:54  Probe x2 (Chrono Boost)  
  90  8:05  Probe x3 (Chrono Boost), Colossus (Chrono Boost)  
  93  8:07  Zealot  
  93  8:09  Probe (Chrono Boost)  
  93  8:10  Pylon  
  93  8:12  Probe (Chrono Boost)  
  103  8:26  Probe x3  
  106  8:38  Probe  
  105  8:44  Probe x2  
  105  8:45  Zealot  
  105  8:46  Zealot x5  
  117  8:56  Probe  
  117  8:57  Gateway  
  117  8:58  Forge  
  117  9:00  Pylon, Colossus (Chrono Boost)  
  117  9:02  Probe  
  109  9:05  Pylon  
  109  9:06  Pylon  
  115  9:13  Zealot  
  115  9:16  Extended Thermal Lance (Chrono Boost)  
  116  9:17  Templar Archives  
  116  9:20  Assimilator  
  113  9:24  Assimilator  
  113  9:25  Probe  
  114  9:35  Stalker  
  114  9:36  Stalker x6  
  128  9:42  Protoss Ground Weapons Level 2 (Chrono Boost)  
  120  10:04  Warp Prism (Chrono Boost)  
  120  10:05  Zealot  
  120  10:06  Zealot x7  
  132  10:11  Protoss Ground Armor Level 2 (Chrono Boost)  
  134  10:17  Nexus  
  125  10:30  Zealot x3, High Templar  
  124  10:43  Pylon  
  124  10:46  Pylon  
  124  10:48  Pylon  
  96  10:57  Probe  
  96  11:01  Disruptor  
  100  11:08  Probe  
  100  11:10  Psionic Storm  
  101  11:12  Nexus  
  99  11:34  High Templar, Observer  
  99  11:35  High Templar x5  
  99  11:39  Pylon  
  111  11:41  Pylon  
  111  11:43  Probe  
  111  11:44  Pylon  
  111  11:45  Probe x2  
  114  12:05  Probe  
  114  12:07  Zealot x8  
  131  12:08  Probe  
  117  12:29  Stalker x5  
  108  12:46  Assimilator  
  108  12:50  Assimilator  
  108  12:53  Zealot x3  
  108  12:54  Zealot  
  116  12:58  Stalker  
  116  12:59  High Templar  
  118  13:16  Stalker x4  
  122  13:24  Probe, Pylon  
  122  13:25  Probe x2  
  125  13:36  Probe  
  125  13:37  Probe x2  
  128  13:42  Disruptor (Chrono Boost)  
  128  13:47  Stalker x3  
  137  13:53  Probe  
  138  14:27  Nexus  
  138  14:29  Pylon, Disruptor (Chrono Boost)  
  139  14:36  High Templar x2  
  139  14:37  Zealot x5  
  139  14:38  Zealot  
  151  14:53  Probe x3  
  151  14:57  Robotics Facility  
  152  15:02  Zealot x4, Robotics Facility, Disruptor (Chrono Boost)  
  163  15:15  Protoss Ground Weapons Level 3 (Chrono Boost)  
  163  15:16  Probe, Protoss Ground Armor Level 3 (Chrono Boost)  
  163  15:17  Probe  
  165  15:38  Stalker x4  
  169  15:49  Observer  
  157  15:53  Disruptor  
  160  15:59  Probe  
  160  16:01  Probe x3  
  164  16:12  Zealot  
  164  16:13  Zealot x7  
  180  16:19  Disruptor  
  175  16:34  Stalker x4  
  175  16:39  Probe  
  183  16:44  Stalker  
  185  16:47  Observer  
  185  16:51  Zealot x2  
  173  16:55  Disruptor  
  173  17:00  Zealot  
  176  17:03  Stalker  
  176  17:07  Probe  
  177  17:26  Disruptor  
  174  17:35  Stalker x4  
  174  17:36  Stalker x4  
  188  17:43  Archon  
  150  17:59  Zealot x6  
  81  18:31  Warp Prism, High Templar x8  
  99  18:36  Archon x4  
  99  18:37  Probe x3  
  101  18:50  Disruptor  
  103  19:01  Stalker x2  
  95  19:14  High Templar x2  
  95  19:15  Zealot x2  
  91  19:34  Probe  
  89  19:51  Stalker, Zealot x2  
  89  19:52  Stalker x2, Zealot  
  99  19:53  Stalker, Zealot  
  87  20:26  Zealot x5  
  67  20:59  Zealot x3  
  41  21:32  Zealot x3  
  39  21:52  Zealot x2  
  43  21:55  High Templar  
  45  22:16  Zealot  
  45  22:17  Zealot  
  43  22:29  Zealot  
  30  22:40  Stalker  
  32  22:56  High Templar x2  
  36  23:00  Archon  
  36  23:25  Zealot x2  
  40  23:50  Stalker x2  
  33  24:12  Zealot  
  27  24:56  Probe (Chrono Boost)  
  28  25:09  Zealot  
  30  25:40  Zealot  
  32  25:55  Observer  
  33  26:02  Stalker  

Tags
 
Add a new tag
Caveats
  • Supply blocks, unpowered buildings, or Contaminate may cause inaccurate times.
  • Supply counts are checked every 10 seconds.